Sharks vs Penguins

Created - 8 novembre 2017 at 21:08

Goals
1 2 3 T
Sharks 3 2 0 5
Penguins 3 0 1 4
Shots
1 2 3 T
Sharks 14 13 10 37
Penguins 12 9 7 28

1st period

1. Sharks , Travis Konecny 3 (Esa Lindell 6, Mikhail Grigorenko 3) at 4:47
2. Penguins , Nathan MacKinnon 8 (Vladimir Tarasenko 10, Mark Giordano 11) at 5:06
3. Sharks , Charlie Coyle 5 (Sam Reinhart 3, Esa Lindell 7) at 8:15
4. Penguins , Vladimir Tarasenko 10 (Mark Giordano 12) at 12:28
5. Penguins , Tyler Johnson 4 (Phil Kessel 9, Christian Dvorak 6) at 14:46
6. Sharks , Mikko Rantanen 4 (Nick Bjugstad 4) at 14:55

Penalties :
Seth Jones (SJS) for Interference (Minor) at 19:17

2nd period

7. Sharks , Travis Konecny 4 (Chris Tanev 3, Andrej Sustr 4) at 3:29 (PP)
8. Sharks , Andrej Sustr 1 (Mikhail Grigorenko 4) at 11:41

Penalties :
Robert Bortuzzo (PIT) for Hooking (Minor) at 1:43, Evgeni Malkin (PIT) for Holding (Minor) at 6:29, Mark Giordano (PIT) for Holding (Minor) at 12:24

3rd period

9. Penguins , Kevin Labanc 2 (Olli Maatta 6, Luke Glendening 4) at 11:37

Penalties :
Robert Bortuzzo (PIT) for Hooking (Minor) at 14:04, Ryan Suter (PIT) for Tripping (Minor) at 19:46

Goalie Stats

Louis Domingue (SJS), 24 saves from 28 shots - (0.857), W, 5-4-1, 60:00 minutes
Ben Bishop (PIT), 17 saves from 22 shots - (0.773), L, 11-2-2, 31:41 minutes
Connor Hellebuyck (PIT), 15 saves from 15 shots - (1.000), 28:19 minutes

Players Stats for Sharks

Player Name              G  A  P  +/- PIM S  H  SB GA TA FO     MP     PP MP  PK MP  
------------------------------------------------------------------------------------
Andrej Sustr             1  1  2   2  0   1  0  2  0  0  0/0    17:32   3:06   0:52 
Anze Kopitar             0  0  0  -1  0   6  0  0  0  0  14/23  21:55   4:31   0:21 
Charlie Coyle            1  0  1  -1  0   6  0  0  0  0  1/2    21:06   4:03   0:00 
Chris Tanev              0  1  1  -2  0   1  0  2  0  0  0/0    20:34   2:49   0:29 
Esa Lindell              0  2  2   0  0   1  3  1  0  0  0/0    20:31   0:49   0:38 
Marc Staal               0  0  0  -2  0   1  2  0  0  0  0/0    18:57   0:00   1:30 
Mark Pysyk               0  0  0   2  0   1  2  1  0  0  0/0    14:14   0:00   0:29 
Matt Martin              0  0  0  -2  0   1  1  0  0  0  0/0    10:08   0:00   0:00 
Michael Chaput           0  0  0  -2  0   0  0  0  0  0  5/11   10:08   0:00   0:00 
Micheal Haley            0  0  0   2  0   1  3  0  0  0  1/3     9:28   0:00   0:00 
Mikhail Grigorenko       0  2  2   2  0   2  0  0  0  0  7/11   10:04   0:15   0:21 
Mikko Rantanen           1  0  1   1  0   1  1  0  0  0  0/0    17:44   4:18   0:00 
Nick Bjugstad            0  1  1   1  0   4  3  0  0  0  2/2    17:04   3:38   0:00 
Sam Reinhart             0  1  1  -1  0   0  0  0  0  0  1/1    20:54   4:16   0:00 
Sean Couturier           0  0  0   1  0   4  0  0  0  0  14/24  18:54   3:25   1:38 
Seth Jones               0  0  0   0  2   0  0  1  0  0  0/0    23:55   4:52   0:00 
Tom Wilson               0  0  0  -2  0   3  0  0  0  0  0/0    11:46   0:00   1:38 
Travis Konecny           2  0  2   2  0   4  0  0  0  0  0/0    13:06   3:38   0:00 

Players Stats for Penguins

Player Name              G  A  P  +/- PIM S  H  SB GA TA FO     MP     PP MP  PK MP  
------------------------------------------------------------------------------------
Alexander Wennberg       0  0  0   2  0   3  1  0  0  0  1/1    18:33   1:12   0:00 
Christian Dvorak         0  1  1   1  0   1  3  0  0  0  1/2    18:07   0:00   4:15 
David Savard             0  0  0   0  0   0  2  0  0  0  0/0    23:01   0:23   3:39 
Evgeni Malkin            0  0  0  -4  2   3  0  0  0  0  8/20   17:40   1:12   1:28 
Jacob De La Rose         0  0  0   1  0   1  0  0  0  0  0/0     6:55   0:00   2:51 
Kevin Labanc             1  0  1   1  0   2  1  0  0  0  0/0     4:04   0:00   0:00 
Luke Glendening          0  1  1   1  0   0  0  1  0  0  4/13    8:39   0:00   4:35 
Mark Barberio            0  0  0  -2  0   2  0  1  0  0  0/0    14:07   0:00   0:54 
Mark Giordano            0  2  2   2  2   2  0  0  0  0  0/0    22:51   1:36   3:06 
Nathan MacKinnon         1  0  1   2  0   1  2  0  0  0  11/19  18:08   0:47   0:00 
Nikita Kucherov          0  0  0  -4  0   2  0  0  0  0  0/0    16:13   1:12   0:00 
Olli Maatta              0  1  1   0  0   0  1  2  0  0  0/0    21:25   0:23   4:07 
Phil Kessel              0  1  1   1  0   1  0  0  0  0  1/1    14:26   0:47   0:00 
Robert Bortuzzo          0  0  0  -2  4   0  4  0  0  0  0/0    13:41   0:00   0:30 
Ryan Suter               0  0  0   2  2   1  0  0  0  0  0/0    24:51   1:36   3:36 
Sebastian Aho            0  0  0  -4  0   0  2  0  0  0  0/2    15:53   0:00   1:05 
Tyler Johnson            1  0  1   1  0   2  0  0  0  0  5/17   15:17   0:00   1:38 
Vladimir Tarasenko       1  1  2   2  0   7  1  0  0  0  1/2    18:08   0:47   0:00 

3 Stars

1 - Travis Konecny (SJS)
2 - Vladimir Tarasenko (PIT)
3 - Andrej Sustr (SJS)

Power Play

Sharks - 1 on 5 Attempt(s) - 20.00%
Penguins - 0 on 1 Attempt(s) - 0.00%

Penalty Kill

Sharks - 1 on 1 Attempt(s) - 100.00% - Score 0 goal in Penalty Kill
Penguins - 4 on 5 Attempt(s) - 80.00% - Score 0 goal in Penalty Kill

Team Stat

Sharks - Hits : 15 - Faceoff Wins : 45 - Blocked Shots : 7 - Penalty Minutes : 2
Penguins - Hits : 17 - Faceoff Wins : 32 - Blocked Shots : 4 - Penalty Minutes : 10

Official

Referees : Kendrick Nicholson and Trevor Hanson
Linesman : Tim Nowak and Lonnie Cameron

Game Notes

Connor Hellebuyck enters game at 11:41 of 2nd period

Finance

Level 1 -- Attendance: 6152 (94.65%) -- Ticket Income 676 720 $
Level 2 -- Attendance: 3983 (79.66%) -- Ticket Income 338 555 $
Level 3 -- Attendance: 3164 (90.40%) -- Ticket Income 205 660 $
Level 4 -- Attendance: 2058 (86.22%) -- Ticket Income 102 900 $
Luxury Box -- Attendance: 1000 (100.00%) -- Ticket Income 210 000 $
Game was played at the Consol Energy Center.
Total Attendance: 16357 (88.96%)
Total Ticket Income: 1 533 835 $
Other Income: 230 075 $
Total Income: 1 763 910 $

% Time on Ice - Sharks

Lines # - Real PCT - Wanted PCT - Time Play
Normal Forward
1 - 33% - 36% - 16:25
2 - 27% - 32% - 13:26
3 - 19% - 18% - 9:28
4 - 20% - 14% - 10:08
Normal Defense
1 - 37% - 40% - 18:26
2 - 35% - 33% - 17:27
3 - 27% - 27% - 13:34
4 - 0% - 0% - 0:00
PP Forward
1 - 54% - 62% - 4:18
2 - 46% - 38% - 3:38
PP Defense
1 - 61% - 67% - 4:52
2 - 39% - 33% - 3:04
PK Forward
1 - 82% - 55% - 1:38
2 - 18% - 45% - 0:21
PK Defense
1 - 24% - 60% - 0:29
2 - 76% - 40% - 1:30
PK3 Forward
1 - 0% - 55%
2 - 0% - 45%
PK3 Defense
1 - 0% - 60%
2 - 0% - 40%
44 Forward
1 - 0% - 55%
2 - 0% - 45%
44 Defense
1 - 0% - 60%
2 - 0% - 40%
Last Minute Offensive  - 0:00
Last Minute Defensive  - 0:38
Total
Forward - 60:00
Defense - 60:00

% Time on Ice - Penguins

Lines # - Real PCT - Wanted PCT - Time Play
Normal Forward
1 - 30% - 32% - 14:48
2 - 35% - 32% - 17:21
3 - 27% - 26% - 13:39
4 - 8% - 10% - 4:04
Normal Defense
1 - 36% - 41% - 17:57
2 - 34% - 41% - 16:55
3 - 27% - 18% - 13:13
4 - 4% - 0% - 1:47
PP Forward
1 - 61% - 60% - 1:12
2 - 39% - 40% - 0:47
PP Defense
1 - 81% - 60% - 1:36
2 - 19% - 40% - 0:23
PK Forward
1 - 86% - 60% - 6:48
2 - 14% - 40% - 1:08
PK Defense
1 - 61% - 60% - 4:50
2 - 39% - 40% - 3:06
PK3 Forward
1 - 0% - 60%
2 - 0% - 40%
PK3 Defense
1 - 0% - 60%
2 - 0% - 40%
44 Forward
1 - 0% - 60%
2 - 0% - 40%
44 Defense
1 - 0% - 60%
2 - 0% - 40%
Last Minute Offensive  - 0:13
Last Minute Defensive  - 0:00
Total
Forward - 60:00
Defense - 60:00

Play by Play

1st period


0:01 of 1st period - Evgeni Malkin wins face-off versus Anze Kopitar in neutral zone.
1:00 of 1st period - Icing by Chris Tanev.
1:01 of 1st period - Nathan MacKinnon wins face-off versus Sean Couturier in Sharks zone.
1:12 of 1st period - Shot by Nick Bjugstad.
1:12 of 1st period - Stopped by Ben Bishop with a rebound.
1:14 of 1st period - Shot by Mikko Rantanen.
1:14 of 1st period - Shot Misses the Net.
1:30 of 1st period - Shot by Mikko Rantanen.
1:30 of 1st period - Deflect By Sean Couturier.
1:30 of 1st period - Shot Misses the Net.
1:32 of 1st period - Shot by Sean Couturier.
1:32 of 1st period - Shot Misses the Net.
2:05 of 1st period - Tyler Johnson is hit by Micheal Haley and loses puck.
2:38 of 1st period - Shot by Matt Martin.
2:38 of 1st period - Shot Misses the Net.
2:44 of 1st period - Shot by Tom Wilson.
2:44 of 1st period - Shot Misses the Net.
2:46 of 1st period - Shot by Esa Lindell.
2:46 of 1st period - Shot Blocked by Mark Barberio.
4:26 of 1st period - Sean Couturier is hit by David Savard and loses puck.
4:43 of 1st period - Shot by Mikhail Grigorenko.
4:43 of 1st period - Stopped by Ben Bishop with a rebound.
4:47 of 1st period - Shot by Travis Konecny.
4:47 of 1st period - Goal by Travis Konecny - Sharks : 1 - Penguins : 0.
4:48 of 1st period - Alexander Wennberg wins face-off versus Michael Chaput in neutral zone.
4:48 of 1st period - Alexander Wennberg is hit by Matt Martin.
5:02 of 1st period - Shot by Nathan MacKinnon.
5:02 of 1st period - Shot Misses the Net.
5:06 of 1st period - Shot by Vladimir Tarasenko.
5:06 of 1st period - Deflect By Nathan MacKinnon.
5:06 of 1st period - Goal by Nathan MacKinnon - Sharks : 1 - Penguins : 1.
5:07 of 1st period - Luke Glendening wins face-off versus Micheal Haley in neutral zone.
5:09 of 1st period - Mark Giordano is hit by Esa Lindell and loses puck.
5:22 of 1st period - Shot by Kevin Labanc.
5:22 of 1st period - Stopped by Louis Domingue without a rebound.
5:23 of 1st period - Anze Kopitar wins face-off versus Nathan MacKinnon in Sharks zone.
5:34 of 1st period - Shot by Anze Kopitar.
5:34 of 1st period - Stopped by Ben Bishop without a rebound.
5:35 of 1st period - Sean Couturier wins face-off versus Tyler Johnson in Penguins zone.
6:39 of 1st period - Shot by Alexander Wennberg.
6:39 of 1st period - Stopped by Louis Domingue with a rebound.
6:50 of 1st period - Shot by Charlie Coyle.
6:50 of 1st period - Stopped by Ben Bishop without a rebound.
6:51 of 1st period - Evgeni Malkin wins face-off versus Mikhail Grigorenko in Penguins zone.
6:51 of 1st period - Evgeni Malkin is hit by Micheal Haley.
7:05 of 1st period - Shot by Travis Konecny.
7:05 of 1st period - Stopped by Ben Bishop without a rebound.
7:06 of 1st period - Sam Reinhart wins face-off versus Luke Glendening in Penguins zone.
7:22 of 1st period - Shot by Charlie Coyle.
7:22 of 1st period - Stopped by Ben Bishop without a rebound.
7:23 of 1st period - Nathan MacKinnon wins face-off versus Michael Chaput in Penguins zone.
7:28 of 1st period - Matt Martin is hit by Nathan MacKinnon and loses puck.
7:57 of 1st period - Shot by Vladimir Tarasenko.
7:57 of 1st period - Stopped by Louis Domingue without a rebound.
7:58 of 1st period - Anze Kopitar wins face-off versus Evgeni Malkin in Sharks zone.
8:09 of 1st period - Shot by Charlie Coyle.
8:09 of 1st period - Deflect By Anze Kopitar.
8:09 of 1st period - Stopped by Ben Bishop with a rebound.
8:11 of 1st period - Shot by Esa Lindell.
8:11 of 1st period - Shot Misses the Net.
8:13 of 1st period - Shot by Sam Reinhart.
8:13 of 1st period - Shot Misses the Net.
8:15 of 1st period - Shot by Charlie Coyle.
8:15 of 1st period - Goal by Charlie Coyle - Sharks : 2 - Penguins : 1.
8:16 of 1st period - Sean Couturier wins face-off versus Christian Dvorak in neutral zone.
8:18 of 1st period - Mikko Rantanen is hit by Christian Dvorak and loses puck.
8:39 of 1st period - Mark Giordano is hit by Nick Bjugstad and loses puck.
9:19 of 1st period - Shot by Anze Kopitar.
9:19 of 1st period - Shot Misses the Net.
9:21 of 1st period - Shot by Esa Lindell.
9:21 of 1st period - Shot Misses the Net.
9:23 of 1st period - Shot by Charlie Coyle.
9:23 of 1st period - Stopped by Ben Bishop with a rebound.
9:25 of 1st period - Shot by Charlie Coyle.
9:25 of 1st period - Shot Misses the Net.
9:56 of 1st period - Off-side.
9:57 of 1st period - Michael Chaput wins face-off versus Evgeni Malkin in neutral zone.
10:49 of 1st period - Shot by Travis Konecny.
10:49 of 1st period - Stopped by Ben Bishop with a rebound.
10:51 of 1st period - Shot by Micheal Haley.
10:51 of 1st period - Shot Misses the Net.
11:03 of 1st period - Shot by Micheal Haley.
11:03 of 1st period - Stopped by Ben Bishop with a rebound.
11:05 of 1st period - Shot by Marc Staal.
11:05 of 1st period - Shot Misses the Net.
11:43 of 1st period - Shot by Alexander Wennberg.
11:43 of 1st period - Stopped by Louis Domingue with a rebound.
11:45 of 1st period - Shot by Mark Giordano.
11:45 of 1st period - Stopped by Louis Domingue without a rebound.
11:46 of 1st period - Tyler Johnson wins face-off versus Anze Kopitar in Sharks zone.
12:00 of 1st period - Phil Kessel is hit by Mark Pysyk and loses puck.
12:10 of 1st period - Off-side.
12:11 of 1st period - Nathan MacKinnon wins face-off versus Michael Chaput in neutral zone.
12:28 of 1st period - Shot by Vladimir Tarasenko.
12:28 of 1st period - Goal by Vladimir Tarasenko - Sharks : 2 - Penguins : 2.
12:29 of 1st period - Mikhail Grigorenko wins face-off versus Luke Glendening in neutral zone.
12:32 of 1st period - David Savard is hit by Micheal Haley and loses puck.
12:53 of 1st period - Shot by Jacob De La Rose.
12:53 of 1st period - Stopped by Louis Domingue with a rebound.
12:57 of 1st period - Shot by Kevin Labanc.
12:57 of 1st period - Deflect By Luke Glendening.
12:57 of 1st period - Shot Blocked by Esa Lindell.
13:41 of 1st period - Shot by Vladimir Tarasenko.
13:41 of 1st period - Stopped by Louis Domingue with a rebound.
14:22 of 1st period - Off-side.
14:23 of 1st period - Anze Kopitar wins face-off versus Tyler Johnson in neutral zone.
14:46 of 1st period - Shot by Tyler Johnson.
14:46 of 1st period - Goal by Tyler Johnson - Sharks : 2 - Penguins : 3.
14:47 of 1st period - Sean Couturier wins face-off versus Evgeni Malkin in neutral zone.
14:55 of 1st period - Shot by Mikko Rantanen.
14:55 of 1st period - Goal by Mikko Rantanen - Sharks : 3 - Penguins : 3.
14:56 of 1st period - Evgeni Malkin wins face-off versus Michael Chaput in neutral zone.
15:31 of 1st period - Shot by Nikita Kucherov.
15:31 of 1st period - Deflect By Evgeni Malkin.
15:31 of 1st period - Shot Misses the Net.
15:50 of 1st period - Michael Chaput is hit by Christian Dvorak and loses puck.
16:22 of 1st period - Shot by Sean Couturier.
16:22 of 1st period - Stopped by Ben Bishop without a rebound.
16:23 of 1st period - Anze Kopitar wins face-off versus Nathan MacKinnon in Penguins zone.
16:47 of 1st period - Shot by Vladimir Tarasenko.
16:47 of 1st period - Stopped by Louis Domingue without a rebound.
16:48 of 1st period - Sean Couturier wins face-off versus Luke Glendening in Sharks zone.
16:48 of 1st period - Sean Couturier is hit by Kevin Labanc.
17:02 of 1st period - Icing by Luke Glendening.
17:03 of 1st period - Anze Kopitar wins face-off versus Luke Glendening in Penguins zone.
17:04 of 1st period - Shot by Charlie Coyle.
17:04 of 1st period - Shot Misses the Net.
17:13 of 1st period - Sam Reinhart is hit by David Savard.
18:01 of 1st period - Ryan Suter is hit by Mikko Rantanen and loses puck.
18:25 of 1st period - Icing by Ryan Suter.
18:26 of 1st period - Mikhail Grigorenko wins face-off versus Evgeni Malkin in Penguins zone.
19:17 of 1st period - Shot by Vladimir Tarasenko.
19:17 of 1st period - Stopped by Louis Domingue without a rebound.
19:17 of 1st period - Minor Penalty to Seth Jones for Interference.
19:18 of 1st period - Sean Couturier wins face-off versus Nathan MacKinnon in Sharks zone.
19:27 of 1st period - Sean Couturier is hit by Vladimir Tarasenko and loses puck.
Goals for this period are 3 for Sharks vs 3 for Penguins.
Shots for this period are 14 for Sharks vs 12 for Penguins.

2nd period


0:01 of 2nd period - Evgeni Malkin wins face-off versus Sean Couturier in neutral zone.
1:43 of 2nd period - Minor Penalty to Robert Bortuzzo for Hooking.
1:44 of 2nd period - Sean Couturier wins face-off versus Luke Glendening in Penguins zone.
1:49 of 2nd period - Shot by Nick Bjugstad.
1:49 of 2nd period - Stopped by Ben Bishop with a rebound.
1:55 of 2nd period - Shot by Christian Dvorak.
1:55 of 2nd period - Shot Misses the Net.
2:04 of 2nd period - Icing by Chris Tanev.
2:05 of 2nd period - Sean Couturier wins face-off versus Evgeni Malkin in Sharks zone.
2:47 of 2nd period - Shot by Anze Kopitar.
2:47 of 2nd period - Stopped by Ben Bishop without a rebound.
2:48 of 2nd period - Anze Kopitar wins face-off versus Tyler Johnson in Penguins zone.
3:29 of 2nd period - Shot by Travis Konecny.
3:29 of 2nd period - Goal by Travis Konecny - Sharks : 4 - Penguins : 3.
3:30 of 2nd period - Michael Chaput wins face-off versus Nathan MacKinnon in neutral zone.
3:50 of 2nd period - Shot by Matt Martin.
3:50 of 2nd period - Deflect By Tom Wilson.
3:50 of 2nd period - Stopped by Ben Bishop without a rebound.
3:51 of 2nd period - Evgeni Malkin wins face-off versus Mikhail Grigorenko in Penguins zone.
3:55 of 2nd period - Evgeni Malkin is hit by Mark Pysyk and loses puck.
4:17 of 2nd period - Shot by Evgeni Malkin.
4:17 of 2nd period - Deflect By Nikita Kucherov.
4:17 of 2nd period - Shot Blocked by Andrej Sustr.
4:53 of 2nd period - Shot by Vladimir Tarasenko.
4:53 of 2nd period - Stopped by Louis Domingue without a rebound.
4:54 of 2nd period - Anze Kopitar wins face-off versus Nathan MacKinnon in Sharks zone.
5:18 of 2nd period - Shot by Charlie Coyle.
5:18 of 2nd period - Shot Misses the Net.
5:20 of 2nd period - Shot by Charlie Coyle.
5:20 of 2nd period - Shot Misses the Net.
5:30 of 2nd period - Shot by Anze Kopitar.
5:30 of 2nd period - Stopped by Ben Bishop without a rebound.
5:31 of 2nd period - Sean Couturier wins face-off versus Tyler Johnson in Penguins zone.
5:58 of 2nd period - Shot by Tyler Johnson.
5:58 of 2nd period - Stopped by Louis Domingue without a rebound.
5:59 of 2nd period - Michael Chaput wins face-off versus Evgeni Malkin in Sharks zone.
5:59 of 2nd period - Michael Chaput is hit by Sebastian Aho.
6:20 of 2nd period - Shot by Sebastian Aho.
6:20 of 2nd period - Shot Misses the Net.
6:29 of 2nd period - Minor Penalty to Evgeni Malkin for Holding.
6:30 of 2nd period - Luke Glendening wins face-off versus Anze Kopitar in Penguins zone.
6:43 of 2nd period - Shot by Seth Jones.
6:43 of 2nd period - Shot Misses the Net.
7:45 of 2nd period - Olli Maatta is hit by Nick Bjugstad and loses puck.
7:55 of 2nd period - Off-side.
7:56 of 2nd period - Nick Bjugstad wins face-off versus Luke Glendening in neutral zone.
8:07 of 2nd period - Shot by Travis Konecny.
8:07 of 2nd period - Shot Misses the Net.
8:09 of 2nd period - Shot by Chris Tanev.
8:09 of 2nd period - Stopped by Ben Bishop without a rebound.
8:10 of 2nd period - Anze Kopitar wins face-off versus Tyler Johnson in Penguins zone.
8:38 of 2nd period - Shot by Vladimir Tarasenko.
8:38 of 2nd period - Deflect By Alexander Wennberg.
8:38 of 2nd period - Stopped by Louis Domingue with a rebound.
8:48 of 2nd period - Shot by Alexander Wennberg.
8:48 of 2nd period - Shot Blocked by Chris Tanev.
9:37 of 2nd period - Off-side.
9:38 of 2nd period - Sean Couturier wins face-off versus Luke Glendening in neutral zone.
9:45 of 2nd period - Shot by Nick Bjugstad.
9:45 of 2nd period - Stopped by Ben Bishop without a rebound.
9:46 of 2nd period - Tyler Johnson wins face-off versus Charlie Coyle in Penguins zone.
9:58 of 2nd period - Shot by Christian Dvorak.
9:58 of 2nd period - Stopped by Louis Domingue without a rebound.
9:59 of 2nd period - Evgeni Malkin wins face-off versus Sean Couturier in Sharks zone.
10:02 of 2nd period - Shot by Evgeni Malkin.
10:02 of 2nd period - Stopped by Louis Domingue without a rebound.
10:03 of 2nd period - Charlie Coyle wins face-off versus Tyler Johnson in Sharks zone.
10:30 of 2nd period - Shot by Phil Kessel.
10:30 of 2nd period - Stopped by Louis Domingue with a rebound.
11:35 of 2nd period - Shot by Vladimir Tarasenko.
11:35 of 2nd period - Stopped by Louis Domingue without a rebound.
11:36 of 2nd period - Mikhail Grigorenko wins face-off versus Evgeni Malkin in Sharks zone.
11:41 of 2nd period - Shot by Andrej Sustr.
11:41 of 2nd period - Goal by Andrej Sustr - Sharks : 5 - Penguins : 3.
11:41 of 2nd period - Connor Hellebuyck enters game.
11:42 of 2nd period - Mikhail Grigorenko wins face-off versus Evgeni Malkin in neutral zone.
11:57 of 2nd period - Shot by Nikita Kucherov.
11:57 of 2nd period - Shot Misses the Net.
11:59 of 2nd period - Shot by Sebastian Aho.
11:59 of 2nd period - Shot Blocked by Andrej Sustr.
12:01 of 2nd period - Shot by Mark Barberio.
12:01 of 2nd period - Stopped by Louis Domingue without a rebound.
12:02 of 2nd period - Nathan MacKinnon wins face-off versus Sean Couturier in Sharks zone.
12:11 of 2nd period - Chris Tanev is hit by Alexander Wennberg and loses puck.
12:24 of 2nd period - Shot by Nick Bjugstad.
12:24 of 2nd period - Stopped by Connor Hellebuyck without a rebound.
12:24 of 2nd period - Minor Penalty to Mark Giordano for Holding.
12:25 of 2nd period - Luke Glendening wins face-off versus Anze Kopitar in Penguins zone.
12:58 of 2nd period - Shot by Charlie Coyle.
12:58 of 2nd period - Shot Blocked by Olli Maatta.
13:00 of 2nd period - Shot by Anze Kopitar.
13:00 of 2nd period - Shot Blocked by Olli Maatta.
13:23 of 2nd period - Ryan Suter is hit by Nick Bjugstad and loses puck.
14:40 of 2nd period - Shot by Matt Martin.
14:40 of 2nd period - Stopped by Connor Hellebuyck without a rebound.
14:41 of 2nd period - Evgeni Malkin wins face-off versus Micheal Haley in Penguins zone.
15:09 of 2nd period - Shot by Travis Konecny.
15:09 of 2nd period - Deflect By Mikhail Grigorenko.
15:09 of 2nd period - Stopped by Connor Hellebuyck without a rebound.
15:10 of 2nd period - Michael Chaput wins face-off versus Nathan MacKinnon in Penguins zone.
15:16 of 2nd period - Tom Wilson is hit by Robert Bortuzzo and loses puck.
15:29 of 2nd period - Shot by Tom Wilson.
15:29 of 2nd period - Stopped by Connor Hellebuyck without a rebound.
15:30 of 2nd period - Anze Kopitar wins face-off versus Tyler Johnson in Penguins zone.
16:14 of 2nd period - Icing by Marc Staal.
16:15 of 2nd period - Anze Kopitar wins face-off versus Evgeni Malkin in Sharks zone.
16:38 of 2nd period - Shot by Evgeni Malkin.
16:38 of 2nd period - Stopped by Louis Domingue without a rebound.
16:39 of 2nd period - Nathan MacKinnon wins face-off versus Mikhail Grigorenko in Sharks zone.
16:50 of 2nd period - Shot by Mikhail Grigorenko.
16:50 of 2nd period - Shot Misses the Net.
16:52 of 2nd period - Shot by Micheal Haley.
16:52 of 2nd period - Deflect By Travis Konecny.
16:52 of 2nd period - Shot Misses the Net.
16:54 of 2nd period - Shot by Mark Pysyk.
16:54 of 2nd period - Stopped by Connor Hellebuyck without a rebound.
16:55 of 2nd period - Sean Couturier wins face-off versus Evgeni Malkin in Penguins zone.
16:56 of 2nd period - Shot by Mikko Rantanen.
16:56 of 2nd period - Shot Misses the Net.
17:03 of 2nd period - Icing by Nikita Kucherov.
17:04 of 2nd period - Mikhail Grigorenko wins face-off versus Evgeni Malkin in Penguins zone.
18:05 of 2nd period - Shot by Phil Kessel.
18:05 of 2nd period - Shot Misses the Net.
Goals for this period are 2 for Sharks vs 0 for Penguins.
Shots for this period are 13 for Sharks vs 9 for Penguins.

3rd period


0:01 of 3rd period - Sean Couturier wins face-off versus Tyler Johnson in neutral zone.
0:59 of 3rd period - Icing by Sebastian Aho.
1:00 of 3rd period - Anze Kopitar wins face-off versus Sebastian Aho in Penguins zone.
1:01 of 3rd period - Shot by Charlie Coyle.
1:01 of 3rd period - Shot Misses the Net.
1:09 of 3rd period - Shot by Nikita Kucherov.
1:09 of 3rd period - Stopped by Louis Domingue without a rebound.
1:10 of 3rd period - Nathan MacKinnon wins face-off versus Mikhail Grigorenko in Sharks zone.
1:14 of 3rd period - Vladimir Tarasenko is hit by Marc Staal and loses puck.
2:03 of 3rd period - Charlie Coyle is hit by Sebastian Aho and loses puck.
2:33 of 3rd period - Icing by Olli Maatta.
2:34 of 3rd period - Michael Chaput wins face-off versus Evgeni Malkin in Penguins zone.
3:30 of 3rd period - Icing by Mark Giordano.
3:31 of 3rd period - Sean Couturier wins face-off versus Tyler Johnson in Penguins zone.
3:49 of 3rd period - Shot by Sean Couturier.
3:49 of 3rd period - Stopped by Connor Hellebuyck without a rebound.
3:50 of 3rd period - Vladimir Tarasenko wins face-off versus Anze Kopitar in Penguins zone.
4:07 of 3rd period - Shot by Mark Barberio.
4:07 of 3rd period - Stopped by Louis Domingue with a rebound.
4:23 of 3rd period - Shot by Charlie Coyle.
4:23 of 3rd period - Stopped by Connor Hellebuyck without a rebound.
4:24 of 3rd period - Tyler Johnson wins face-off versus Sean Couturier in Penguins zone.
4:49 of 3rd period - Shot by Mark Giordano.
4:49 of 3rd period - Shot Misses the Net.
4:51 of 3rd period - Shot by Mark Giordano.
4:51 of 3rd period - Stopped by Louis Domingue without a rebound.
4:52 of 3rd period - Micheal Haley wins face-off versus Luke Glendening in Sharks zone.
5:14 of 3rd period - Icing by Seth Jones.
5:15 of 3rd period - Mikhail Grigorenko wins face-off versus Nathan MacKinnon in Sharks zone.
5:23 of 3rd period - Shot by Ryan Suter.
5:23 of 3rd period - Stopped by Louis Domingue without a rebound.
5:24 of 3rd period - Phil Kessel wins face-off versus Anze Kopitar in Sharks zone.
5:34 of 3rd period - Icing by Mark Giordano.
5:35 of 3rd period - Tyler Johnson wins face-off versus Sean Couturier in Penguins zone.
5:52 of 3rd period - Shot by Nick Bjugstad.
5:52 of 3rd period - Deflect By Sean Couturier.
5:52 of 3rd period - Stopped by Connor Hellebuyck without a rebound.
5:53 of 3rd period - Anze Kopitar wins face-off versus Nathan MacKinnon in Penguins zone.
6:02 of 3rd period - Shot by Charlie Coyle.
6:02 of 3rd period - Shot Misses the Net.
6:04 of 3rd period - Shot by Marc Staal.
6:04 of 3rd period - Stopped by Connor Hellebuyck without a rebound.
6:05 of 3rd period - Sean Couturier wins face-off versus Sebastian Aho in Penguins zone.
6:27 of 3rd period - Shot by Sean Couturier.
6:27 of 3rd period - Shot Misses the Net.
6:29 of 3rd period - Shot by Esa Lindell.
6:29 of 3rd period - Stopped by Connor Hellebuyck without a rebound.
6:30 of 3rd period - Nathan MacKinnon wins face-off versus Anze Kopitar in Penguins zone.
7:01 of 3rd period - Shot by Anze Kopitar.
7:01 of 3rd period - Stopped by Connor Hellebuyck with a rebound.
7:08 of 3rd period - Icing by David Savard.
7:09 of 3rd period - Nathan MacKinnon wins face-off versus Sean Couturier in Penguins zone.
7:16 of 3rd period - Shot by Vladimir Tarasenko.
7:16 of 3rd period - Shot Hit the Post.
7:27 of 3rd period - Shot by Nick Bjugstad.
7:27 of 3rd period - Shot Misses the Net.
7:29 of 3rd period - Shot by Mikko Rantanen.
7:29 of 3rd period - Shot Misses the Net.
7:31 of 3rd period - Shot by Sean Couturier.
7:31 of 3rd period - Stopped by Connor Hellebuyck without a rebound.
7:32 of 3rd period - Mikhail Grigorenko wins face-off versus Tyler Johnson in Penguins zone.
7:43 of 3rd period - Icing by Mark Giordano.
7:44 of 3rd period - Anze Kopitar wins face-off versus Tyler Johnson in Penguins zone.
7:48 of 3rd period - Icing by Mark Giordano.
7:49 of 3rd period - Christian Dvorak wins face-off versus Anze Kopitar in Penguins zone.
8:52 of 3rd period - Shot by Nikita Kucherov.
8:52 of 3rd period - Stopped by Louis Domingue without a rebound.
8:53 of 3rd period - Sean Couturier wins face-off versus Vladimir Tarasenko in Sharks zone.
8:53 of 3rd period - Sean Couturier is hit by Nathan MacKinnon.
9:26 of 3rd period - Shot by Nick Bjugstad.
9:26 of 3rd period - Deflect By Mikko Rantanen.
9:26 of 3rd period - Shot Misses the Net.
9:58 of 3rd period - Shot by Evgeni Malkin.
9:58 of 3rd period - Shot Misses the Net.
10:17 of 3rd period - Evgeni Malkin is hit by Marc Staal.
10:27 of 3rd period - Shot by Nikita Kucherov.
10:27 of 3rd period - Shot Misses the Net.
11:28 of 3rd period - Luke Glendening is hit by Esa Lindell and loses puck.
11:37 of 3rd period - Shot by Kevin Labanc.
11:37 of 3rd period - Goal by Kevin Labanc - Sharks : 5 - Penguins : 4.
11:38 of 3rd period - Nathan MacKinnon wins face-off versus Sean Couturier in neutral zone.
11:47 of 3rd period - Shot by Alexander Wennberg.
11:47 of 3rd period - Shot Misses the Net.
11:51 of 3rd period - Shot by Nathan MacKinnon.
11:51 of 3rd period - Shot Blocked by Mark Pysyk.
12:49 of 3rd period - Shot by Evgeni Malkin.
12:49 of 3rd period - Stopped by Louis Domingue without a rebound.
12:50 of 3rd period - Anze Kopitar wins face-off versus Tyler Johnson in Sharks zone.
12:50 of 3rd period - Sam Reinhart is hit by Robert Bortuzzo and loses puck.
13:25 of 3rd period - Chris Tanev is hit by Christian Dvorak and loses puck.
13:49 of 3rd period - Michael Chaput is hit by Robert Bortuzzo.
14:00 of 3rd period - Tom Wilson is hit by Robert Bortuzzo and loses puck.
14:04 of 3rd period - Minor Penalty to Robert Bortuzzo for Hooking.
14:05 of 3rd period - Luke Glendening wins face-off versus Sean Couturier in Penguins zone.
14:48 of 3rd period - Shot by Anze Kopitar.
14:48 of 3rd period - Stopped by Connor Hellebuyck with a rebound.
14:50 of 3rd period - Shot by Sam Reinhart.
14:50 of 3rd period - Shot Blocked by Luke Glendening.
14:52 of 3rd period - Shot by Anze Kopitar.
14:52 of 3rd period - Shot Misses the Net.
14:54 of 3rd period - Shot by Mikko Rantanen.
14:54 of 3rd period - Shot Misses the Net.
16:14 of 3rd period - Shot by Matt Martin.
16:14 of 3rd period - Deflect By Tom Wilson.
16:14 of 3rd period - Stopped by Connor Hellebuyck without a rebound.
16:15 of 3rd period - Nathan MacKinnon wins face-off versus Michael Chaput in Penguins zone.
17:11 of 3rd period - Shot by Evgeni Malkin.
17:11 of 3rd period - Deflect By Nikita Kucherov.
17:11 of 3rd period - Shot Misses the Net.
17:17 of 3rd period - Shot by Evgeni Malkin.
17:17 of 3rd period - Shot Blocked by Chris Tanev.
17:20 of 3rd period - Icing by Marc Staal.
17:21 of 3rd period - Tyler Johnson wins face-off versus Michael Chaput in Sharks zone.
17:50 of 3rd period - Tyler Johnson is hit by Esa Lindell and loses puck.
17:53 of 3rd period - Shot by Christian Dvorak.
17:53 of 3rd period - Shot Blocked by Seth Jones.
17:55 of 3rd period - Shot by Mark Giordano.
17:55 of 3rd period - Shot Misses the Net.
18:28 of 3rd period - Icing by David Savard.
18:29 of 3rd period - Nathan MacKinnon wins face-off versus Sean Couturier in Penguins zone.
19:04 of 3rd period - Shot by Mikko Rantanen.
19:04 of 3rd period - Shot Misses the Net.
19:19 of 3rd period - Anze Kopitar is hit by Olli Maatta.
19:33 of 3rd period - Shot by Charlie Coyle.
19:33 of 3rd period - Stopped by Connor Hellebuyck without a rebound.
19:34 of 3rd period - Evgeni Malkin wins face-off versus Anze Kopitar in Penguins zone.
19:46 of 3rd period - Minor Penalty to Ryan Suter for Tripping.
19:47 of 3rd period - Nick Bjugstad wins face-off versus Luke Glendening in Penguins zone.
Goals for this period are 0 for Sharks vs 1 for Penguins.
Shots for this period are 10 for Sharks vs 7 for Penguins.